 Dungeon Crawl Stone Soup version 0.29.0-4-gdea44cf6ec (webtiles) character file.

Game seed: 3243192890955915339

247139 qw the Slayer (level 19, -3/191 HPs)
             Began as a Minotaur Fighter on Sept 4, 2022.
             Slain by an ironbound thunderhulk
             ... wielding a +0 great mace
              (9 damage)
             ... on level 3 of the Vaults.
             The game lasted 00:19:17 (36293 turns).

qw the Slayer (Minotaur Fighter)                   Turns: 36293, Time: 00:19:18

Health: -3/191     AC: 35    Str: 31    XL:     19   Next: 21%
Magic:  18/18      EV: 13    Int:  5    God:
Gold:   1528       SH: 16    Dex: 14    Spells: 18/18 levels left

rFire   . . .      SeeInvis +   j - +4 war axe (vamp)
rCold   . . .      Faith    .   o - +2 kite shield
rNeg    . . .      Spirit   .   z - +3 plate armour
rPois   +          Reflect  .   v - +1 hat
rElec   .          Harm     .   E - +2 cloak
rCorr   .          Rampage  +   s - +2 pair of gloves {Str+3}
Will    +....                   u - +2 pair of boots {rampage}
Stlth   ..........              C - amulet "Qyhoh" {Acrobat Regen+ Dex+3 Stlth-}
HPRegen 1.21/turn               g - ring of see invisible
MPRegen 0.16/turn               m - ring of poison resistance

@: about to teleport
A: horns 2, retaliatory headbutt
}: 1/15 runes: decaying
a: no special abilities


You were on level 3 of the Vaults.
You visited 6 branches of the dungeon, and saw 32 of its levels.
You also visited: Gauntlet.

You collected 3393 gold pieces.
You spent 1865 gold pieces at shops.


Innate Abilities, Weirdness & Mutations

You have a pair of horns on your head.
You reflexively headbutt those who attack you in melee.


   Skills:
 - Level 22.0 Fighting
 - Level 17.0 Axes
 - Level 10.0 Throwing
 - Level 21.0 Armour
 - Level 12.0 Dodging
 + Level 18.4 Shields


You had 18 spell levels left.
You didn't know any spells.
Your spell library was empty.

Inventory:

Hand Weapons
 j - a +4 vampiric war axe (weapon)
Missiles
 a - 20 boomerangs
 k - a silver boomerang (quivered)
Armour
 b - a +4 chain mail of fire resistance
 c - the +1 chain mail of the Hidden Vale {rCorr Slay+2 SInv}
   (You found it on level 1 of the Swamp)

   Slay:      It affects your accuracy & damage with ranged weapons and melee
   (+2).
   SInv:      It lets you see invisible.
   rCorr:     It protects you from acid and corrosion.
 o - a +2 kite shield (worn)
 s - a +2 pair of gloves of strength (worn)
 u - a +2 pair of boots of rampaging (worn)
 v - a +1 hat (worn)
 z - a +3 plate armour (worn)
 E - a +2 cloak (worn)
Jewellery
 e - a +6 ring of strength
 g - a ring of see invisible (left hand)
 m - a ring of poison resistance (right hand)
 t - a ring of protection from fire
 y - an amulet of reflection
 B - the ring of Kasan {rPois rC- rCorr Dex+3}
   (You found it on level 14 of the Dungeon)

   [ring of poison resistance]

   Dex:       It affects your dexterity (+3).
   rC:        It makes you vulnerable to cold.
   rPois:     It protects you from poison.
   rCorr:     It protects you from acid and corrosion.
 C - the amulet "Qyhoh" (around neck) {Acrobat Regen+ Dex+3 Stlth-}
   (You found it in a Gauntlet)

   [amulet of the acrobat]

   It increases your evasion while moving and waiting.
   Dex:       It affects your dexterity (+3).
   Regen:     It increases your rate of health regeneration.
   Stlth:     It makes you less stealthy.
 D - a +4 ring of evasion
Scrolls
 i - 12 scrolls of identify
 p - a scroll of teleportation
 r - 2 scrolls of brand weapon
Potions
 d - 7 potions of might
 f - 7 potions of haste
 h - a potion of cancellation
 n - 12 potions of curing
 q - 5 potions of mutation

Dungeon Overview and Level Annotations

Branches:
Dungeon (15/15)            Temple (0/1) D:6            Lair (5/5) D:8
  Swamp (4/4) Lair:2       Spider (3/4) Lair:3        Slime (0/5) Lair:5
    Orc (2/2) D:12            Elf (0/3) Orc:2        Vaults (3/5) D:13
  Crypt (0/3) Vaults:2     Depths (0/4) D:15        Gauntlet (visited)

Altars:
Dithmenos
Kikubaaqudgha
Makhleb
Nemelex Xobeh
Qazlal
Trog
Uskayaw
Yredelemnul
Jiyva
Lugonu

Shops:
D:10 [   D:11 :   D:13 *   Orc:1 *   Orc:2 [[([(   Vaults:2 :

Portals:
Abyss: Spider:3
Trove: D:14 (give 6 scrolls of blinking)

Annotations:
D:3 2 runed translucent doors
D:7 1 runed translucent door, Crazy Yiuf
D:14 1 runed translucent door, Jogov's ghost, journeyman DgHW
Spider:3 2 transporters


Message History

The war gargoyle closely misses you.
You hit the war gargoyle. You headbutt the war gargoyle!
You destroy the war gargoyle!
You hit the war gargoyle but do no damage.
The war gargoyle hits you but does no damage.
The yaktaur captain wields a +0 hand crossbow.
The yaktaur captain shoots a bolt.
You block the bolt.
You barely miss the war gargoyle. You headbutt the war gargoyle.
The war gargoyle is lightly damaged.
You block the war gargoyle's attack.
You hit the war gargoyle but do no damage.
The war gargoyle is lightly damaged.
The war gargoyle hits you with a +0 lajatang!!
The yaktaur captain shoots a bolt.
The bolt hits you.
36289 ||| READING 2 scrolls of teleportation.
As you read the scroll of teleportation, it crumbles to dust.
You feel strangely unstable. You block the war gargoyle's attack.
The yaktaur captain shoots a bolt.
You block the bolt.
The war gargoyle hits you with a +0 lajatang!!
You slash the war gargoyle! Your headbutt misses the war gargoyle.
The war gargoyle is moderately damaged.
The yaktaur captain shoots a bolt.
You block the bolt. You block the war gargoyle's attack.
You slice the war gargoyle!!
The war gargoyle is severely damaged.
The war gargoyle no longer looks unusually strong.
You block the war gargoyle's attack.
You hit the war gargoyle but do no damage.
You headbutt the war gargoyle, but do no damage.
The war gargoyle is severely damaged.
The yaktaur captain shoots a bolt.
The bolt misses you.
The bolt hits the war gargoyle!!
The war gargoyle is destroyed!
You slice the ironbound thunderhulk!!
The ironbound thunderhulk is severely wounded.
An ironbound convoker comes into view. It is wielding a +3 dire flail.
The yaktaur captain shoots a bolt.
You block the bolt.
The ironbound thunderhulk hits you with a +0 great mace!
You die...

....# ....# ....#
.##.# .##.#
....##############
######....O%pp.pT#
#.###'#####O#
#.#).Y#@#
+.##+##)# #####
#... #c# ....# #..
###.# ....# .?
#[#.# ....# +#
+.#.# ....# #.#.#
....##.#########.#
...|##...........#


You could see a dire elephant, an ironbound thunderhulk, a yaktaur captain, a
deep troll and an ironbound convoker.

Vanquished Creatures
  Jorgrun (D:14)
  Asterion (Vaults:1)
  Kirke (D:13)
  2 thorn hunters
  Frances (Swamp:1)
  Roxanne (D:14)
  4 vault wardens
  An emperor scorpion (Spider:2)
  An orc warlord (Orc:2)
  A ghost moth (Spider:2)
  2 war gargoyles
  3 ironbound thunderhulks
  A quicksilver ooze (Gauntlet)
  13 ironbound preservers
  A caustic shrike skeleton (D:15)
  8 bunyips
  Azrael (D:12)
  A minotaur (Gauntlet)
  2 entropy weavers (Spider:1)
  2 spark wasps
  2 eleionomae (Swamp:1)
  19 dire elephants
  Snorg (D:13)
  A shambling mangrove (Swamp:1)
  4 yaktaur captains
  A spriggan zombie (D:15)
  A peacekeeper (Vaults:2)
  Erolcha (Orc:2)
  3 great orbs of eyes
  2 vault guards (Vaults:1)
  5 boulder beetles
  22 hydras
  7 ironbound frosthearts
  An ogre mage (D:13)
  A catoblepas (D:14)
  A spriggan air mage (Swamp:4)
  A merfolk avatar (Lair:5)
  5 two-headed ogres
  A death knight (D:14)
  5 alligators
  9 centaur warriors
  A vampire mage (D:15)
  5 death yaks (Lair:3)
  Urug (D:10)
  3 spriggan berserkers (Swamp:4)
  4 orc high priests (Orc:2)
  A large abomination (Gauntlet)
  7 goliath frogs
  A sea snake (Lair:5)
  12 skeletal warriors
  5 orb spiders
  6 pharaoh ants
  4 steelbarb worms
  A glowing orange brain (Vaults:1)
  2 spriggan druids
  42 deep trolls
  13 lindwurms
  10 swamp dragons
  An orange crystal statue (Gauntlet)
  3 wizards
  4 bog bodies
  9 orc knights
  10 harpies
  A deep elf archer (D:13)
  8 ironbound convokers
  A necromancer (D:15)
  19 wolf spiders
  4 will-o-the-wisps
  8 orc sorcerers
  5 deep elf pyromancers
  6 cyclopes
  2 fire giant zombies (D:15)
  8 ugly things
  6 manticores
  4 moths of wrath
  8 elephants
  3 black mambas
  A gargoyle (D:13)
  2 torpor snails
  6 vault sentinels
  An ice statue (Gauntlet)
  5 cane toads
  5 rime drakes
  An unseen horror (D:11)
  11 demonic crawlers
  A freezing wraith (D:15)
  7 komodo dragons
  12 yaktaurs
  4 kobold demonologists (D:11)
  A meliai (Lair:3)
  9 trolls
  7 tyrant leeches
  A wind drake (Lair:5)
  19 tarantellas
  8 hornets
  11 polar bears
  28 blink frogs
  30 slime creatures
  2 dream sheep (Lair:3)
  2 snapping turtles (Lair:5)
  A shadow (D:13)
  14 culicivoras
  7 spriggans
  17 jumping spiders
  3 water elementals (D:15)
  4 hogs (D:13)
  2 wraiths
  3 basilisks
  3 fire elementals (D:12)
  3 fire bats (Lair:3)
  6 wyverns
  25 yaks
  47 redbacks
  20 vampire mosquitoes
  15 swamp worms
  3 steam dragons
  3 wargs
  4 acid dragons
  2 hell hounds (D:12)
  8 water moccasins
  17 swamp drakes
  4 ice beasts
  3 black bears
  36 orc warriors
  5 ogres
  25 wolves
  11 centaurs
  2 phantoms
  4 bullfrogs
  5 kobold brigands
  2 scorpions
  A necrophage (D:5)
  5 gnoll sergeants (D:7)
  14 wights
  6 killer bees (Lair:3)
  A howler monkey (D:6)
  An electric eel (D:15)
  10 hounds
  12 orc priests
  5 iguanas
  22 orc wizards
  3 small abominations (Gauntlet)
  12 gnolls
  6 adders
  A white imp (D:6)
  2 ufetubi
  3 worms
  A dart slug (D:1)
  67 orcs
  6 bats
  9 endoplasms
  2 giant cockroaches
  11 goblins
  12 hobgoblins
  6 jackals
  4 quokkas
  3 training dummies (Orc:2)
  6 ball pythons
  9 frilled lizards
  19 kobolds
  7 rats
  A butterfly (Swamp:4)
  2 lurking horrors (Spider:3)
1116 creatures vanquished.

Vanquished Creatures (others)
  A war gargoyle (Vaults:3)
  A spriggan berserker (Swamp:4)
  A swamp dragon (Swamp:4)
  2 bloated husks
  An orc priest (Orc:2)
  10 foxfires (Swamp:3)
  13 fungi
  31 plants
60 creatures vanquished.

Grand Total: 1176 creatures vanquished

Notes
Turn   | Place    | Note
-------+----------+-------------------------------------------
     0 | D:1      | qw the Minotaur Fighter began the quest for the Orb.
     0 | D:1      | Reached XP level 1. HP: 19/19 MP: 0/0
     0 | D:1      | 0 ||| qw: Version: 0.1-a-103-gd6f5d3a
     0 | D:1      | 0 ||| qw: Game counter: 5760
     0 | D:1      | 0 ||| qw: Always use a shield: true
     0 | D:1      | 0 ||| qw: God list: Ru
     0 | D:1      | 0 ||| qw: Allow faded altars: false
     0 | D:1      | 0 ||| qw: Do Orc after D:15 true
     0 | D:1      | 0 ||| qw: Do second Lair branch before Depths: true
     0 | D:1      | 0 ||| qw: Lair rune preference: random
     0 | D:1      | 0 ||| qw: Plans: Normal
     0 | D:1      | 0 ||| PLANNING D:1-11
   186 | D:1      | Reached skill level 3 in Axes
   227 | D:1      | Reached XP level 2. HP: 10/26 MP: 1/1
   567 | D:1      | 567 ||| Stepping ~*~*~tactically~*~*~ (stealth).
   580 | D:1      | 580 ||| Stepping ~*~*~tactically~*~*~ (stealth).
   625 | D:1      | Reached XP level 3. HP: 31/31 MP: 2/2
   715 | D:1      | Found a faded altar of an unknown god.
   919 | D:1      | 919 ||| DROPPING +0 club.
  1379 | D:1      | 1379 ||| DROPPING orb of light.
  1380 | D:1      | 1380 ||| UPGRADING to ring of see invisible.
  1381 | D:1      | 1381 ||| UPGRADING to ring of poison resistance.
  1382 | D:1      | 1382 ||| READING scroll labelled SYEHYMM ID IGO.
  1387 | D:1      | 1387 ||| READING scroll labelled HIM OFI WAU.
  1388 | D:1      | 1388 ||| READING scroll labelled GOSEVV FINAIN.
  1585 | D:2      | 1585 ||| Stepping ~*~*~tactically~*~*~ (stealth).
  1776 | D:2      | Reached skill level 1 in Dodging
  1844 | D:2      | Reached XP level 4. HP: 38/39 MP: 3/3
  1960 | D:2      | Found a sparkling altar of Nemelex Xobeh.
  2173 | D:2      | 2173 ||| DROPPING orb of wrath.
  2174 | D:2      | 2174 ||| READING scroll labelled HUASHR PEDWIU.
  2175 | D:2      | 2175 ||| READING scroll labelled SOIRUT UGABE.
  2176 | D:2      | 2176 ||| READING scroll labelled ESUURINLAM.
  2177 | D:2      | 2177 ||| READING scroll labelled IGOUQI GYUWI.
  2178 | D:2      | 2178 ||| READING 2 scrolls labelled WEGIZA CEIMEO.
  2179 | D:2      | 2179 ||| DRINKING 2 sapphire potions.
  2180 | D:2      | 2180 ||| DROPPING scroll of immolation.
  2240 | D:3      | 2240 ||| Stepping ~*~*~tactically~*~*~ (stealth).
  2243 | D:3      | 2243 ||| Stepping ~*~*~tactically~*~*~ (stealth).
  2510 | D:3      | Noticed a black bear
  2518 | D:3      | Killed a black bear
  2519 | D:3      | Reached skill level 6 in Axes
  2519 | D:3      | Reached XP level 5. HP: 39/45 MP: 4/4
  2770 | D:3      | Found a large runed translucent door.
  2771 | D:3      | Found a large runed translucent door.
  3612 | D:3      | 3612 ||| UPGRADING to +2 pair of boots of rampaging.
  3617 | D:3      | 3617 ||| READING 2 scrolls of identify.
  3617 | D:3      | 3617 ||| IDENTIFYING bubbling inky potion
  3618 | D:3      | 3618 ||| DROPPING potion of lignification.
  3816 | D:4      | Reached skill level 4 in Fighting
  3841 | D:4      | Noticed a black bear
  3850 | D:4      | Killed a black bear
  3851 | D:4      | Reached XP level 6. HP: 52/52 MP: 5/5
  3918 | D:4      | Found a burning altar of Makhleb.
  4450 | D:4      | Noticed an ice beast
  4460 | D:4      | Killed an ice beast
  4711 | D:4      | 4711 ||| READING scroll labelled QIBBUR QIONUKI.
  4712 | D:4      | 4712 ||| DRINKING 2 sedimented dark potions.
  4733 | D:5      | Entered Level 5 of the Dungeon
  4743 | D:5      | Reached XP level 7. HP: 55/59 MP: 6/6
  4770 | D:5      | 4770 ||| Stepping ~*~*~tactically~*~*~ (stealth).
  4784 | D:5      | Reached skill level 9 in Axes
  4940 | D:5      | Reached skill level 5 in Fighting
  5118 | D:5      | Found a shadowy altar of Dithmenos.
  5370 | D:5      | Reached skill level 1 in Throwing
  5494 | D:5      | 5494 ||| UPGRADING to +0 acid dragon scales.
  5504 | D:5      | 5504 ||| DROPPING +0 scale mail.
  5505 | D:5      | 5505 ||| UPGRADING to amulet of reflection.
  5510 | D:5      | 5510 ||| READING 2 scrolls labelled SEBLADGH YXEPAMOH.
  5511 | D:5      | 5511 ||| READING scroll labelled ZUAR VAOFYE.
  5512 | D:5      | 5512 ||| DRINKING 2 white potions.
  5513 | D:5      | 5513 ||| READING 2 scrolls of identify.
  5513 | D:5      | 5513 ||| IDENTIFYING metallic yellow potion
  5514 | D:5      | 5514 ||| DROPPING potion of attraction.
  5515 | D:5      | 5515 ||| DROPPING scroll of fog.
  5561 | D:6      | Reached XP level 8. HP: 68/68 MP: 7/7
  5645 | D:6      | Reached skill level 6 in Fighting
  5912 | D:6      | Found a staircase to the Ecumenical Temple.
  5941 | D:6      | 5941 ||| Stepping ~*~*~tactically~*~*~ (hiding).
  5955 | D:6      | 5955 ||| Stepping ~*~*~tactically~*~*~ (cloud).
  5972 | D:6      | HP: 10/70 [steam dragon (9)]
  5973 | D:6      | 5973 ||| READING 5 scrolls of teleportation.
  5974 | D:6      | 5974 ||| DRINKING potion of heal wounds.
  5975 | D:6      | HP: 4/70 [something (9)]
  5976 | D:6      | 5976 ||| Stepping ~*~*~tactically~*~*~ (cloud).
  6468 | D:6      | 6468 ||| UPGRADING to +0 chain mail.
  6478 | D:6      | 6478 ||| DROPPING +0 acid dragon scales.
  6479 | D:6      | 6479 ||| READING scroll labelled HALOAGO SISCHO.
  6480 | D:6      | 6480 ||| DRINKING 2 sedimented silvery potions.
  6481 | D:6      | 6481 ||| DROPPING potion of degeneration.
  6532 | D:7      | HP: 16/70 [iguana (2)]
  6533 | D:7      | 6533 ||| READING 4 scrolls of teleportation.
  6699 | D:7      | Reached skill level 12 in Axes
  6767 | D:7      | Reached XP level 9. HP: 78/78 MP: 8/8
  6785 | D:7      | 6785 ||| Stepping ~*~*~tactically~*~*~ (hiding).
  6788 | D:7      | 6788 ||| Stepping ~*~*~tactically~*~*~ (hiding).
  6790 | D:7      | 6790 ||| Stepping ~*~*~tactically~*~*~ (hiding).
  6965 | D:7      | 6965 ||| Stepping ~*~*~tactically~*~*~ (hiding).
  6972 | D:7      | Reached skill level 7 in Fighting
  7160 | D:7      | 7160 ||| DROPPING +0 mace.
  7459 | D:7      | Found a runed translucent door.
  7460 | D:7      | Noticed Crazy Yiuf
  7463 | D:7      | 7463 ||| UPGRADING to +0 kite shield.
  7473 | D:7      | 7473 ||| DROPPING +0 buckler.
  7474 | D:7      | 7474 ||| UPGRADING to +1 hat.
  7479 | D:7      | 7479 ||| READING scroll labelled TETZEY XUEC.
  7580 | D:7      | 7580 ||| DRINKING 2 lumpy blue potions.
  7581 | D:7      | 7581 ||| READING 2 scrolls of identify.
  7581 | D:7      | 7581 ||| IDENTIFYING bubbling puce potion
  7582 | D:7      | 7582 ||| DROPPING potion of invisibility.
  7583 | D:7      | 7583 ||| DROPPING potion of brilliance.
  7858 | D:8      | Found a staircase to the Lair.
  7906 | D:8      | 7906 ||| Stepping ~*~*~tactically~*~*~ (stealth).
  7926 | D:8      | 7926 ||| FLEEEEING.
  7927 | D:8      | 7927 ||| FLEEEEING.
  7929 | D:8      | 7929 ||| FLEEEEING.
  7930 | D:8      | 7930 ||| FLEEEEING.
  7931 | D:8      | 7931 ||| STAIRDANCE
  8079 | D:7      | 8079 ||| UPGRADING to +1 cloak.
  8084 | D:7      | 8084 ||| READING scroll labelled QULEIFOIST.
  8085 | D:7      | 8085 ||| DRINKING 2 clear potions.
  8192 | D:8      | 8192 ||| Stepping ~*~*~tactically~*~*~ (hiding).
  8200 | D:8      | Reached skill level 6 in Shields
  8223 | D:8      | 8223 ||| DROPPING +1 vorpal flail.
  8543 | D:8      | 8543 ||| Stepping ~*~*~tactically~*~*~ (stealth).
  8781 | D:8      | 8781 ||| UPGRADING to +0 plate armour of willpower.
  8791 | D:8      | 8791 ||| DROPPING +0 chain mail.
  8792 | D:8      | 8792 ||| READING 4 scrolls of identify.
  8792 | D:8      | 8792 ||| IDENTIFYING red potion
  8793 | D:8      | 8793 ||| READING 3 scrolls of identify.
  8793 | D:8      | 8793 ||| IDENTIFYING golden potion
  8794 | D:8      | 8794 ||| READING 2 scrolls of identify.
  8794 | D:8      | 8794 ||| IDENTIFYING smoky blue potion
  8795 | D:8      | 8795 ||| DROPPING potion of berserk rage.
  8878 | D:9      | Reached skill level 6 in Armour
  8915 | D:9      | Reached XP level 10. HP: 75/86 MP: 9/9
  8920 | D:9      | Reached skill level 9 in Shields
  9030 | D:9      | 9030 ||| Stepping ~*~*~tactically~*~*~ (hiding).
  9039 | D:9      | 9039 ||| Stepping ~*~*~tactically~*~*~ (hiding).
  9356 | D:9      | 9356 ||| DROPPING amulet of guardian spirit.
  9362 | D:9      | 9362 ||| READING 2 scrolls of identify.
  9362 | D:9      | 9362 ||| IDENTIFYING purple potion
  9363 | D:9      | 9363 ||| DROPPING potion of flight.
  9380 | D:10     | Entered Level 10 of the Dungeon
  9380 | D:10     | Found a bloodstained altar of Trog.
  9384 | D:10     | Noticed a brown ugly thing
  9386 | D:10     | Reached skill level 8 in Fighting
  9388 | D:10     | Killed a brown ugly thing
  9440 | D:10     | 9440 ||| Stepping ~*~*~tactically~*~*~ (hiding).
  9453 | D:10     | 9453 ||| FLEEEEING.
  9456 | D:10     | 9456 ||| FLEEEEING.
  9457 | D:10     | 9457 ||| FLEEEEING.
  9458 | D:10     | 9458 ||| FLEEEEING.
  9462 | D:10     | 9462 ||| FLEEEEING.
  9463 | D:10     | 9463 ||| FLEEEEING.
  9464 | D:10     | 9464 ||| FLEEEEING.
  9465 | D:10     | 9465 ||| FLEEEEING.
  9466 | D:10     | 9466 ||| FLEEEEING.
  9469 | D:10     | 9469 ||| FLEEEEING.
  9470 | D:10     | 9470 ||| FLEEEEING.
  9471 | D:10     | 9471 ||| FLEEEEING.
  9473 | D:10     | 9473 ||| FLEEEEING.
  9474 | D:10     | 9474 ||| FLEEEEING.
  9475 | D:10     | 9475 ||| FLEEEEING.
  9476 | D:10     | 9476 ||| FLEEEEING.
  9477 | D:10     | 9477 ||| FLEEEEING.
  9478 | D:10     | 9478 ||| FLEEEEING.
  9479 | D:10     | 9479 ||| FLEEEEING.
  9487 | D:10     | 9487 ||| STAIRDANCE
  9694 | D:10     | Found Dyesy's Armour Shoppe.
  9703 | D:10     | 9703 ||| BUYING +0 pair of gloves (63 gold).
  9703 | D:10     | Bought a +0 pair of gloves for 63 gold pieces
  9703 | D:10     | 9703 ||| SHOPLISTING +1 ice dragon scales (938 gold, have
                  | 428).
  9703 | D:10     | 9703 ||| BUYING +1 pair of gloves of strength (231 gold).
  9703 | D:10     | Bought a +1 pair of gloves of strength for 231 gold pieces
  9895 | D:10     | 9895 ||| Stepping ~*~*~tactically~*~*~ (stealth).
 10077 | D:10     | Noticed a two-headed ogre
 10088 | D:10     | Killed a two-headed ogre
 10181 | D:10     | 10181 ||| Stepping ~*~*~tactically~*~*~ (hiding).
 10182 | D:10     | 10182 ||| Stepping ~*~*~tactically~*~*~ (hiding).
 10376 | D:10     | Noticed Urug
 10393 | D:10     | Killed Urug
 10394 | D:10     | Reached XP level 11. HP: 50/94 MP: 10/10
 10576 | D:10     | 10576 ||| UPGRADING to +0 pair of gloves.
 10581 | D:10     | 10581 ||| UPGRADING to +1 pair of gloves of strength.
 10591 | D:10     | 10591 ||| DROPPING +0 pair of gloves.
 10748 | D:11     | Found Kecul's Book Shoppe.
 10855 | D:11     | 10855 ||| Stepping ~*~*~tactically~*~*~ (hiding).
 10863 | D:11     | Reached skill level 3 in Throwing
 10932 | D:11     | 10932 ||| Stepping ~*~*~tactically~*~*~ (stealth).
 11006 | D:11     | Reached skill level 15 in Axes
 11017 | D:11     | 11017 ||| FLEEEEING.
 11020 | D:11     | 11020 ||| FLEEEEING.
 11021 | D:11     | 11021 ||| FLEEEEING.
 11102 | D:11     | 11102 ||| Stepping ~*~*~tactically~*~*~ (stealth).
 11104 | D:11     | 11104 ||| Stepping ~*~*~tactically~*~*~ (hiding).
 11238 | D:11     | Noticed a five-headed hydra
 11239 | D:11     | 11239 ||| SWAPPING to +0 morningstar.
 11249 | D:11     | Killed a five-headed hydra
 11250 | D:11     | Reached skill level 9 in Fighting
 11250 | D:11     | 11250 ||| SWAPPING to +1 vampiric war axe.
 11478 | D:11     | Reached skill level 3 in Dodging
 11642 | D:11     | 11642 ||| READING scroll of enchant armour.
 11642 | D:11     | 11642 ||| ENCHANTING +1 pair of gloves of strength.
 11908 | D:11     | 11908 ||| PLANNING LAIR
 11908 | D:11     | 11908 ||| READING 4 scrolls of identify.
 11908 | D:11     | 11908 ||| IDENTIFYING murky coppery potion
 11909 | D:11     | 11909 ||| DROPPING potion of ambrosia.
 11991 | Lair:1   | Entered Level 1 of the Lair of Beasts
 12005 | Lair:1   | 12005 ||| Stepping ~*~*~tactically~*~*~ (stealth).
 12008 | Lair:1   | 12008 ||| Stepping ~*~*~tactically~*~*~ (stealth).
 12776 | Lair:1   | 12776 ||| DROPPING amulet of faith.
 12815 | Lair:2   | 12815 ||| Stepping ~*~*~tactically~*~*~ (stealth).
 12838 | Lair:2   | Reached skill level 9 in Armour
 12898 | Lair:2   | Noticed a six-headed hydra
 12901 | Lair:2   | 12901 ||| SWAPPING to +0 morningstar.
 12908 | Lair:2   | Killed a six-headed hydra
 12909 | Lair:2   | 12909 ||| SWAPPING to +1 vampiric war axe.
 13045 | Lair:2   | Found a staircase to the Swamp.
 13067 | Lair:2   | 13067 ||| Stepping ~*~*~tactically~*~*~ (hiding).
 13072 | Lair:2   | 13072 ||| DRINKING potion of cancellation.
 13123 | Lair:2   | 13123 ||| Stepping ~*~*~tactically~*~*~ (stealth).
 13136 | Lair:2   | Reached skill level 10 in Fighting
 13169 | Lair:2   | Noticed a five-headed hydra
 13172 | Lair:2   | 13172 ||| SWAPPING to +0 morningstar.
 13179 | Lair:2   | Killed a five-headed hydra
 13180 | Lair:2   | Reached XP level 12. HP: 87/106 MP: 11/11
 13180 | Lair:2   | 13180 ||| SWAPPING to +1 vampiric war axe.
 13392 | Lair:2   | Noticed an eight-headed hydra
 13397 | Lair:2   | 13397 ||| SWAPPING to +0 morningstar.
 13403 | Lair:2   | Killed an eight-headed hydra
 13404 | Lair:2   | 13404 ||| SWAPPING to +1 vampiric war axe.
 13498 | Lair:2   | 13498 ||| Stepping ~*~*~tactically~*~*~ (stealth).
 13507 | Lair:2   | 13507 ||| Stepping ~*~*~tactically~*~*~ (stealth).
 13509 | Lair:2   | 13509 ||| Stepping ~*~*~tactically~*~*~ (stealth).
 13867 | Lair:3   | 13867 ||| Stepping ~*~*~tactically~*~*~ (stealth).
 13868 | Lair:3   | 13868 ||| Stepping ~*~*~tactically~*~*~ (stealth).
 14007 | Lair:3   | Noticed a six-headed hydra
 14011 | Lair:3   | 14011 ||| SWAPPING to +0 morningstar.
 14017 | Lair:3   | Killed a six-headed hydra
 14018 | Lair:3   | Reached skill level 11 in Fighting
 14018 | Lair:3   | 14018 ||| SWAPPING to +1 vampiric war axe.
 14127 | Lair:3   | 14127 ||| Stepping ~*~*~tactically~*~*~ (stealth).
 14129 | Lair:3   | 14129 ||| Stepping ~*~*~tactically~*~*~ (stealth).
 14256 | Lair:3   | Found a hole to the Spider Nest.
 14287 | Lair:3   | 14287 ||| Stepping ~*~*~tactically~*~*~ (stealth).
 14289 | Lair:3   | 14289 ||| Stepping ~*~*~tactically~*~*~ (stealth).
 14290 | Lair:3   | 14290 ||| Stepping ~*~*~tactically~*~*~ (stealth).
 14311 | Lair:3   | 14311 ||| Stepping ~*~*~tactically~*~*~ (stealth).
 14313 | Lair:3   | 14313 ||| Stepping ~*~*~tactically~*~*~ (stealth).
 14324 | Lair:3   | Reached skill level 12 in Shields
 14366 | Lair:3   | 14366 ||| FLEEEEING.
 14368 | Lair:3   | 14368 ||| FLEEEEING.
 14371 | Lair:3   | 14371 ||| FLEEEEING.
 14372 | Lair:3   | 14372 ||| FLEEEEING.
 14406 | Lair:3   | 14406 ||| Stepping ~*~*~tactically~*~*~ (stealth).
 14407 | Lair:3   | 14407 ||| Stepping ~*~*~tactically~*~*~ (stealth).
 14416 | Lair:3   | 14416 ||| Stepping ~*~*~tactically~*~*~ (stealth).
 14417 | Lair:3   | 14417 ||| Stepping ~*~*~tactically~*~*~ (stealth).
 14420 | Lair:3   | 14420 ||| Stepping ~*~*~tactically~*~*~ (stealth).
 14483 | Lair:3   | Noticed a death yak
 14483 | Lair:3   | Noticed a death yak
 14484 | Lair:3   | 14484 ||| Stepping ~*~*~tactically~*~*~ (stealth).
 14487 | Lair:3   | Noticed a death yak
 14487 | Lair:3   | Noticed a death yak
 14489 | Lair:3   | Noticed a death yak
 14496 | Lair:3   | Killed a death yak
 14505 | Lair:3   | Killed a death yak
 14511 | Lair:3   | Killed a death yak
 14519 | Lair:3   | Killed a death yak
 14520 | Lair:3   | Reached skill level 12 in Fighting
 14524 | Lair:3   | Killed a death yak
 14659 | Lair:3   | 14659 ||| Stepping ~*~*~tactically~*~*~ (hiding).
 14765 | Lair:3   | Found a stormy altar of Qazlal.
 14771 | Lair:3   | Reached XP level 13. HP: 118/118 MP: 12/12
 14815 | Lair:3   | 14815 ||| SWAPPING to +0 morningstar.
 14822 | Lair:3   | 14822 ||| SWAPPING to +1 vampiric war axe.
 14932 | Lair:3   | 14932 ||| Stepping ~*~*~tactically~*~*~ (stealth).
 14941 | Lair:3   | 14941 ||| Stepping ~*~*~tactically~*~*~ (stealth).
 14943 | Lair:3   | 14943 ||| Stepping ~*~*~tactically~*~*~ (stealth).
 15106 | Lair:3   | 15106 ||| Stepping ~*~*~tactically~*~*~ (stealth).
 15397 | Lair:4   | 15397 ||| PLANNING GAUNTLET
 15400 | Lair:4   | 15400 ||| STAIRDANCE
 15597 | Lair:4   | Found a gate leading to a gauntlet.
 15606 | Gauntlet | Entered a Gauntlet
 15606 | Gauntlet | Found a transporter.
 15616 | Gauntlet | Found a transporter.
 15618 | Gauntlet | Found a transporter.
 15619 | Gauntlet | Found a transporter.
 15630 | Gauntlet | Found a transporter.
 15630 | Gauntlet | Found a transporter.
 15631 | Gauntlet | Found a transporter.
 15633 | Gauntlet | Noticed a dire elephant
 15641 | Gauntlet | Found a transporter.
 15643 | Gauntlet | Found a transporter.
 15644 | Gauntlet | Found a transporter.
 15652 | Gauntlet | Found a transporter.
 15652 | Gauntlet | Noticed a quicksilver ooze
 15655 | Gauntlet | Found a transporter.
 15656 | Gauntlet | Found a transporter.
 15664 | Gauntlet | Found a transporter.
 15762 | Gauntlet | Reached skill level 12 in Armour
 15776 | Gauntlet | HP: 29/118 [ice beast[an ice statue] (9)]
 15777 | Gauntlet | 15777 ||| DRINKING 4 potions of heal wounds.
 15778 | Gauntlet | 15778 ||| Stepping ~*~*~tactically~*~*~ (cloud).
 15779 | Gauntlet | 15779 ||| DRINKING 3 potions of heal wounds.
 15809 | Gauntlet | 15809 ||| Stepping ~*~*~tactically~*~*~ (hiding).
 16049 | Gauntlet | 16049 ||| READING scroll of enchant weapon.
 16049 | Gauntlet | 16049 ||| ENCHANTING +1 vampiric war axe.
 16065 | Gauntlet | Killed a dire elephant
 16070 | Gauntlet | Identified the +1 cloak of Pleasant Breezes {Rampage}
 16075 | Gauntlet | 16075 ||| DROPPING +1 cloak of Pleasant Breezes {Rampage}.
 16087 | Gauntlet | Killed a quicksilver ooze
 16242 | Gauntlet | Noticed a white very ugly thing
 16244 | Gauntlet | Reached skill level 13 in Fighting
 16261 | Gauntlet | Identified the amulet "Qyhoh" {Acrobat Regen+ Dex+3 Stlth-}
 16268 | Gauntlet | 16268 ||| UPGRADING to amulet "Qyhoh" {Acrobat Regen+ Dex+3
                  | Stlth-}.
 16282 | Gauntlet | Identified the +1 hand axe of the Crawling Thing {venom,
                  | rC+ Int+3}
 16282 | Gauntlet | Noticed a minotaur
 16299 | Gauntlet | HP: 25/122 [poisoned by a minotaur]
 16300 | Gauntlet | 16300 ||| DRINKING 2 potions of heal wounds.
 16303 | Gauntlet | 16303 ||| DRINKING potion of heal wounds.
 16307 | Gauntlet | HP: 29/122 [poisoned by a minotaur]
 16308 | Gauntlet | Killed a minotaur
 16312 | Gauntlet | HP: 24/122 [poisoned by a minotaur]
 16317 | Gauntlet | HP: 25/122 [poisoned by a minotaur]
 16448 | Lair:4   | 16448 ||| PLANNING LAIR
 16588 | Lair:4   | Reached skill level 6 in Dodging
 16687 | Lair:4   | Reached skill level 6 in Throwing
 17243 | Lair:5   | Entered Level 5 of the Lair of Beasts
 17244 | Lair:5   | 17244 ||| STAIRDANCE
 17253 | Lair:5   | 17253 ||| STAIRDANCE
 17338 | Lair:5   | 17338 ||| Stepping ~*~*~tactically~*~*~ (stealth).
 17347 | Lair:5   | 17347 ||| Stepping ~*~*~tactically~*~*~ (hiding).
 17468 | Lair:5   | 17468 ||| READING scroll of enchant weapon.
 17468 | Lair:5   | 17468 ||| ENCHANTING +2 vampiric war axe.
 17516 | Lair:5   | Found a viscous altar of Jiyva.
 17517 | Lair:5   | Found a staircase to the Slime Pits.
 17563 | Lair:5   | Noticed a dire elephant
 17567 | Lair:5   | 17567 ||| SWAPPING to +0 morningstar.
 17571 | Lair:5   | 17571 ||| Stepping ~*~*~tactically~*~*~ (outnumbered).
 17572 | Lair:5   | 17572 ||| Stepping ~*~*~tactically~*~*~ (outnumbered).
 17573 | Lair:5   | 17573 ||| Stepping ~*~*~tactically~*~*~ (outnumbered).
 17574 | Lair:5   | 17574 ||| Stepping ~*~*~tactically~*~*~ (outnumbered).
 17575 | Lair:5   | 17575 ||| Stepping ~*~*~tactically~*~*~ (outnumbered).
 17576 | Lair:5   | 17576 ||| Stepping ~*~*~tactically~*~*~ (outnumbered).
 17577 | Lair:5   | 17577 ||| Stepping ~*~*~tactically~*~*~ (outnumbered).
 17579 | Lair:5   | 17579 ||| Stepping ~*~*~tactically~*~*~ (outnumbered).
 17582 | Lair:5   | 17582 ||| Stepping ~*~*~tactically~*~*~ (outnumbered).
 17583 | Lair:5   | 17583 ||| Stepping ~*~*~tactically~*~*~ (outnumbered).
 17584 | Lair:5   | 17584 ||| Stepping ~*~*~tactically~*~*~ (outnumbered).
 17587 | Lair:5   | 17587 ||| SWAPPING to +3 vampiric war axe.
 17598 | Lair:5   | Killed a dire elephant
 17703 | Lair:5   | 17703 ||| Stepping ~*~*~tactically~*~*~ (water).
 17726 | Lair:5   | Reached XP level 14. HP: 130/130 MP: 13/13
 17891 | Lair:5   | 17891 ||| Stepping ~*~*~tactically~*~*~ (stealth).
 17936 | Lair:5   | Reached skill level 14 in Fighting
 17958 | Lair:5   | 17958 ||| Stepping ~*~*~tactically~*~*~ (stealth).
 17960 | Lair:5   | 17960 ||| Stepping ~*~*~tactically~*~*~ (stealth).
 17973 | Lair:5   | 17973 ||| Stepping ~*~*~tactically~*~*~ (stealth).
 18051 | Lair:5   | 18051 ||| Stepping ~*~*~tactically~*~*~ (stealth).
 18053 | Lair:5   | 18053 ||| Stepping ~*~*~tactically~*~*~ (stealth).
 18055 | Lair:5   | 18055 ||| Stepping ~*~*~tactically~*~*~ (stealth).
 18397 | Lair:5   | 18397 ||| PLANNING D
 18397 | Lair:5   | 18397 ||| DROPPING ring of see invisible.
 18398 | Lair:5   | 18398 ||| DROPPING ring of resist corrosion.
 18399 | Lair:5   | 18399 ||| DROPPING ring of protection from cold.
 18400 | Lair:5   | 18400 ||| READING 7 scrolls of identify.
 18400 | Lair:5   | 18400 ||| IDENTIFYING grey potion
 18401 | Lair:5   | 18401 ||| DROPPING potion of magic.
 18631 | D:12     | 18631 ||| STAIRDANCE
 18637 | D:12     | 18637 ||| STAIRDANCE
 18646 | D:12     | 18646 ||| STAIRDANCE
 18764 | D:12     | 18764 ||| SWAPPING to +0 morningstar.
 18771 | D:12     | 18771 ||| SWAPPING to +3 vampiric war axe.
 18882 | D:12     | 18882 ||| FLEEEEING.
 18883 | D:12     | 18883 ||| FLEEEEING.
 18884 | D:12     | 18884 ||| FLEEEEING.
 18890 | D:12     | 18890 ||| FLEEEEING.
 18891 | D:12     | 18891 ||| FLEEEEING.
 18892 | D:12     | 18892 ||| FLEEEEING.
 18893 | D:12     | 18893 ||| FLEEEEING.
 18894 | D:12     | 18894 ||| FLEEEEING.
 18895 | D:12     | 18895 ||| FLEEEEING.
 18896 | D:12     | 18896 ||| FLEEEEING.
 18897 | D:12     | 18897 ||| FLEEEEING.
 18898 | D:12     | 18898 ||| FLEEEEING.
 18899 | D:12     | 18899 ||| Stepping ~*~*~tactically~*~*~ (hiding).
 19057 | D:12     | Found a staircase to the Orcish Mines.
 19190 | D:12     | 19190 ||| Stepping ~*~*~tactically~*~*~ (stealth).
 19195 | D:12     | Reached skill level 15 in Fighting
 19231 | D:12     | Noticed Azrael
 19241 | D:12     | Killed Azrael
 19322 | D:12     | 19322 ||| Stepping ~*~*~tactically~*~*~ (hiding).
 19447 | D:12     | 19447 ||| Stepping ~*~*~tactically~*~*~ (hiding).
 19683 | D:13     | 19683 ||| STAIRDANCE
 19692 | D:13     | 19692 ||| STAIRDANCE
 19694 | D:12     | 19694 ||| SWAPPING to +0 morningstar.
 19699 | D:12     | 19699 ||| Stepping ~*~*~tactically~*~*~ (outnumbered).
 19700 | D:12     | 19700 ||| Stepping ~*~*~tactically~*~*~ (outnumbered).
 19701 | D:12     | 19701 ||| Stepping ~*~*~tactically~*~*~ (outnumbered).
 19702 | D:12     | 19702 ||| Stepping ~*~*~tactically~*~*~ (outnumbered).
 19705 | D:12     | 19705 ||| Stepping ~*~*~tactically~*~*~ (stealth).
 19706 | D:12     | 19706 ||| Stepping ~*~*~tactically~*~*~ (stealth).
 19707 | D:12     | 19707 ||| READING 5 scrolls of teleportation.
 19711 | D:12     | 19711 ||| SWAPPING to +3 vampiric war axe.
 19789 | D:12     | 19789 ||| Stepping ~*~*~tactically~*~*~ (stealth).
 19792 | D:12     | 19792 ||| Stepping ~*~*~tactically~*~*~ (stealth).
 20115 | D:13     | Found Rywn's Assorted Antiques.
 20118 | D:13     | 20118 ||| READING 4 scrolls of teleportation.
 20120 | D:13     | 20120 ||| FLEEEEING.
 20121 | D:13     | 20121 ||| FLEEEEING.
 20144 | D:13     | 20144 ||| Stepping ~*~*~tactically~*~*~ (stealth).
 20146 | D:13     | 20146 ||| Stepping ~*~*~tactically~*~*~ (stealth).
 20147 | D:13     | Noticed Kirke
 20164 | D:13     | 20164 ||| DRINKING 2 potions of cancellation.
 20165 | D:13     | Killed Kirke
 20184 | D:13     | Noticed Snorg
 20201 | D:13     | Killed Snorg
 20248 | D:13     | 20248 ||| Stepping ~*~*~tactically~*~*~ (hiding).
 20249 | D:13     | 20249 ||| Stepping ~*~*~tactically~*~*~ (hiding).
 20271 | D:13     | 20271 ||| Stepping ~*~*~tactically~*~*~ (hiding).
 20292 | D:13     | Reached skill level 15 in Shields
 20311 | D:13     | 20311 ||| Stepping ~*~*~tactically~*~*~ (hiding).
 20312 | D:13     | 20312 ||| Stepping ~*~*~tactically~*~*~ (hiding).
 20316 | D:13     | 20316 ||| Stepping ~*~*~tactically~*~*~ (hiding).
 20362 | D:13     | Found a gate to the Vaults.
 20403 | D:13     | 20403 ||| Stepping ~*~*~tactically~*~*~ (stealth).
 20433 | D:13     | 20433 ||| BUYING potion of curing (90 gold).
 20433 | D:13     | Bought a potion of curing for 90 gold pieces
 20433 | D:13     | 20433 ||| BUYING runed chain mail (225 gold).
 20433 | D:13     | Bought a runed chain mail for 225 gold pieces
 20794 | D:14     | Reached skill level 16 in Fighting
 20794 | D:14     | Reached XP level 15. HP: 144/144 MP: 14/14
 20996 | D:14     | 20996 ||| Stepping ~*~*~tactically~*~*~ (cloud).
 21005 | D:14     | 21005 ||| Stepping ~*~*~tactically~*~*~ (cloud).
 21008 | D:14     | 21008 ||| Stepping ~*~*~tactically~*~*~ (cloud).
 21029 | D:14     | Found a runed translucent door.
 21032 | D:14     | Noticed Jogov's ghost (journeyman DgHW)
 21106 | D:14     | 21106 ||| Stepping ~*~*~tactically~*~*~ (hiding).
 21173 | D:14     | Found a hide-covered altar of Uskayaw.
 21218 | D:14     | 21218 ||| DROPPING +0 morningstar.
 21257 | D:14     | Found a portal to a secret trove of treasure.
 21378 | D:14     | Reached skill level 15 in Armour
 21432 | D:14     | Noticed Roxanne
 21479 | D:14     | Killed Roxanne
 21532 | D:14     | Identified the ring of Kasan {rPois rC- rCorr Dex+3}
 21580 | D:14     | Noticed Jorgrun
 21594 | D:14     | Killed Jorgrun
 21747 | D:14     | 21747 ||| READING 3 scrolls of teleportation.
 21776 | D:15     | Entered Level 15 of the Dungeon
 21803 | D:15     | 21803 ||| Stepping ~*~*~tactically~*~*~ (stealth).
 21825 | D:15     | 21825 ||| Stepping ~*~*~tactically~*~*~ (hiding).
 21831 | D:15     | Reached skill level 9 in Dodging
 21975 | D:15     | 21975 ||| Stepping ~*~*~tactically~*~*~ (hiding).
 22091 | D:15     | Found a staircase to the Depths.
 22092 | D:15     | 22092 ||| Stepping ~*~*~tactically~*~*~ (hiding).
 22093 | D:15     | 22093 ||| Stepping ~*~*~tactically~*~*~ (hiding).
 22311 | D:15     | 22311 ||| SWAPPING to +3 vorpal morningstar.
 22317 | D:15     | 22317 ||| SWAPPING to +3 vampiric war axe.
 22338 | D:15     | 22338 ||| FLEEEEING.
 22340 | D:15     | 22340 ||| FLEEEEING.
 22341 | D:15     | 22341 ||| FLEEEEING.
 22360 | D:15     | 22360 ||| Stepping ~*~*~tactically~*~*~ (stealth).
 22380 | D:15     | Reached skill level 17 in Fighting
 22411 | D:15     | 22411 ||| Stepping ~*~*~tactically~*~*~ (stealth).
 22413 | D:15     | 22413 ||| Stepping ~*~*~tactically~*~*~ (stealth).
 22431 | D:15     | 22431 ||| Stepping ~*~*~tactically~*~*~ (stealth).
 22515 | D:15     | 22515 ||| Stepping ~*~*~tactically~*~*~ (stealth).
 22569 | D:15     | 22569 ||| Stepping ~*~*~tactically~*~*~ (stealth).
 22811 | D:15     | 22811 ||| PLANNING ORC
 22811 | D:15     | 22811 ||| READING scroll labelled JUPLADGH MEIWON.
 22898 | Orc:1    | Entered Level 1 of the Orcish Mines
 22944 | Orc:1    | 22944 ||| Stepping ~*~*~tactically~*~*~ (hiding).
 22948 | Orc:1    | 22948 ||| Stepping ~*~*~tactically~*~*~ (stealth).
 23032 | Orc:1    | Found Ypner's Gadget Gallery.
 23319 | Orc:2    | Entered Level 2 of the Orcish Mines
 23356 | Orc:2    | Noticed Erolcha
 23371 | Orc:2    | 23371 ||| Stepping ~*~*~tactically~*~*~ (hiding).
 23375 | Orc:2    | Killed Erolcha
 23682 | Orc:2    | Found a staircase to the Elven Halls.
 23692 | Orc:2    | Noticed an orc warlord
 23720 | Orc:2    | Killed an orc warlord
 23783 | Orc:2    | 23783 ||| Stepping ~*~*~tactically~*~*~ (hiding).
 23792 | Orc:2    | Found Kiwy's Armour Shop.
 23795 | Orc:2    | 23795 ||| Stepping ~*~*~tactically~*~*~ (hiding).
 23835 | Orc:2    | 23835 ||| READING 3 scrolls of teleportation.
 23879 | Orc:2    | 23879 ||| Stepping ~*~*~tactically~*~*~ (stealth).
 24008 | Orc:2    | Found Lih Al Ruu's Firing Range.
 24133 | Orc:2    | Found Peih's Antique Armour Shop.
 24140 | Orc:2    | Paralysed by an orc sorcerer for 3 turns
 24142 | Orc:2    | HP: 35/147 [orc warrior/+0 long sword (3)]
 24144 | Orc:2    | 24144 ||| READING 2 scrolls of teleportation.
 24145 | Orc:2    | 24145 ||| DRINKING 2 potions of heal wounds.
 24147 | Orc:2    | 24147 ||| DRINKING potion of heal wounds.
 24298 | Orc:2    | Found Verrun's Antique Armour Shoppe.
 24301 | Orc:2    | 24301 ||| Stepping ~*~*~tactically~*~*~ (stealth).
 24303 | Orc:2    | 24303 ||| Stepping ~*~*~tactically~*~*~ (hiding).
 24304 | Orc:2    | 24304 ||| Stepping ~*~*~tactically~*~*~ (hiding).
 24328 | Orc:2    | Found Wangos's Antique Weapon Shoppe.
 24332 | Orc:2    | 24332 ||| BUYING +2 cloak (280 gold).
 24332 | Orc:2    | Bought a +2 cloak for 280 gold pieces
 24335 | Orc:2    | 24335 ||| BUYING bloodstained broad axe (288 gold).
 24335 | Orc:2    | Bought a bloodstained broad axe for 288 gold pieces
 24335 | Orc:2    | Identified the +1 broad axe "Beastbane" {venom, Str+3
                  | Int+2} (You bought it in a shop on level 2 of the Orcish
                  | Mines)
 24335 | Orc:2    | 24335 ||| BUYING runed broad axe (224 gold).
 24335 | Orc:2    | Bought a runed broad axe for 224 gold pieces
 24335 | Orc:2    | 24335 ||| DROPPING +1 broad axe "Beastbane" {venom, Str+3
                  | Int+2}.
 24336 | Orc:2    | 24336 ||| DROPPING +2 antimagic broad axe.
 24345 | Orc:2    | 24345 ||| BUYING pair of embroidered boots (232 gold).
 24345 | Orc:2    | Bought a pair of embroidered boots for 232 gold pieces
 24345 | Orc:2    | 24345 ||| BUYING pair of embroidered gloves (232 gold).
 24345 | Orc:2    | Bought a pair of embroidered gloves for 232 gold pieces
 24348 | Orc:2    | 24348 ||| SHOPLISTING runed hat (266 gold, have 154).
 24614 | Orc:2    | 24614 ||| PLANNING SWAMP:1-3
 24614 | Orc:2    | 24614 ||| UPGRADING to +3 plate armour.
 24624 | Orc:2    | 24624 ||| DROPPING +0 plate armour of willpower.
 24625 | Orc:2    | 24625 ||| UPGRADING to +2 cloak.
 24635 | Orc:2    | 24635 ||| DROPPING +1 cloak.
 24636 | Orc:2    | 24636 ||| DROPPING +1 pair of boots of rampaging.
 24637 | Orc:2    | 24637 ||| DROPPING +2 pair of gloves of hurling.
 24795 | Swamp:1  | Entered Level 1 of the Swamp
 24795 | Swamp:1  | Noticed a thorn hunter
 24819 | Swamp:1  | Killed a thorn hunter
 24878 | Swamp:1  | Reached XP level 16. HP: 141/156 MP: 15/15
 24967 | Swamp:1  | Reached skill level 18 in Fighting
 24994 | Swamp:1  | 24994 ||| Stepping ~*~*~tactically~*~*~ (stealth).
 25014 | Swamp:1  | Noticed Frances
 25016 | Swamp:1  | 25016 ||| SWAPPING to +3 vorpal morningstar.
 25018 | Swamp:1  | 25018 ||| Stepping ~*~*~tactically~*~*~ (water).
 25019 | Swamp:1  | 25019 ||| Stepping ~*~*~tactically~*~*~ (outnumbered).
 25020 | Swamp:1  | 25020 ||| Stepping ~*~*~tactically~*~*~ (outnumbered).
 25021 | Swamp:1  | 25021 ||| Stepping ~*~*~tactically~*~*~ (outnumbered).
 25022 | Swamp:1  | 25022 ||| Stepping ~*~*~tactically~*~*~ (outnumbered).
 25024 | Swamp:1  | 25024 ||| Stepping ~*~*~tactically~*~*~ (outnumbered).
 25025 | Swamp:1  | 25025 ||| Stepping ~*~*~tactically~*~*~ (outnumbered).
 25027 | Swamp:1  | 25027 ||| Stepping ~*~*~tactically~*~*~ (outnumbered).
 25028 | Swamp:1  | 25028 ||| Stepping ~*~*~tactically~*~*~ (outnumbered).
 25029 | Swamp:1  | 25029 ||| Stepping ~*~*~tactically~*~*~ (outnumbered).
 25030 | Swamp:1  | 25030 ||| Stepping ~*~*~tactically~*~*~ (outnumbered).
 25031 | Swamp:1  | 25031 ||| Stepping ~*~*~tactically~*~*~ (outnumbered).
 25032 | Swamp:1  | 25032 ||| Stepping ~*~*~tactically~*~*~ (hiding).
 25034 | Swamp:1  | 25034 ||| Stepping ~*~*~tactically~*~*~ (outnumbered).
 25035 | Swamp:1  | 25035 ||| Stepping ~*~*~tactically~*~*~ (outnumbered).
 25036 | Swamp:1  | 25036 ||| Stepping ~*~*~tactically~*~*~ (outnumbered).
 25037 | Swamp:1  | 25037 ||| Stepping ~*~*~tactically~*~*~ (hiding).
 25039 | Swamp:1  | 25039 ||| Stepping ~*~*~tactically~*~*~ (outnumbered).
 25040 | Swamp:1  | 25040 ||| Stepping ~*~*~tactically~*~*~ (outnumbered).
 25041 | Swamp:1  | 25041 ||| Stepping ~*~*~tactically~*~*~ (outnumbered).
 25042 | Swamp:1  | 25042 ||| Stepping ~*~*~tactically~*~*~ (outnumbered).
 25047 | Swamp:1  | 25047 ||| SWAPPING to +3 vampiric war axe.
 25064 | Swamp:1  | Killed Frances
 25083 | Swamp:1  | 25083 ||| Stepping ~*~*~tactically~*~*~ (hiding).
 25239 | Swamp:1  | Identified the +1 chain mail of the Hidden Vale {rCorr
                  | Slay+2 SInv}
 25494 | Swamp:1  | 25494 ||| Stepping ~*~*~tactically~*~*~ (water).
 25590 | Swamp:1  | 25590 ||| DROPPING +2 chain mail of fire resistance.
 25646 | Swamp:2  | 25646 ||| SWAPPING to +3 vorpal morningstar.
 25648 | Swamp:2  | 25648 ||| Stepping ~*~*~tactically~*~*~ (water).
 25653 | Swamp:2  | 25653 ||| SWAPPING to +3 vampiric war axe.
 25705 | Swamp:2  | 25705 ||| Stepping ~*~*~tactically~*~*~ (hiding).
 25706 | Swamp:2  | 25706 ||| Stepping ~*~*~tactically~*~*~ (hiding).
 26016 | Swamp:2  | 26016 ||| DRINKING potion of cancellation.
 26079 | Swamp:2  | 26079 ||| Stepping ~*~*~tactically~*~*~ (water).
 26099 | Swamp:2  | 26099 ||| SWAPPING to +3 vorpal morningstar.
 26104 | Swamp:2  | 26104 ||| SWAPPING to +3 vampiric war axe.
 26369 | Swamp:3  | 26369 ||| Stepping ~*~*~tactically~*~*~ (stealth).
 26602 | Swamp:3  | 26602 ||| Stepping ~*~*~tactically~*~*~ (hiding).
 26913 | Swamp:3  | 26913 ||| PLANNING SPIDER:1-3
 26913 | Swamp:3  | 26913 ||| DROPPING ring of flight.
 26914 | Swamp:3  | 26914 ||| READING scroll labelled UNIEZA NEHUA.
 26914 | Swamp:3  | Identified a scroll of acquirement
 26914 | Swamp:3  | 26914 ||| ACQUIRING 646 gold pieces
 26914 | Swamp:3  | Acquired 646 gold pieces
 27031 | Spider:1 | Entered Level 1 of the Spider Nest
 27132 | Spider:1 | Reached skill level 9 in Throwing
 27179 | Spider:1 | 27179 ||| Stepping ~*~*~tactically~*~*~ (stealth).
 27433 | Spider:1 | 27433 ||| Stepping ~*~*~tactically~*~*~ (stealth).
 27571 | Spider:1 | 27571 ||| DRINKING potion of resistance.
 27595 | Spider:1 | Reached skill level 19 in Fighting
 27595 | Spider:1 | 27595 ||| Stepping ~*~*~tactically~*~*~ (hiding).
 27615 | Spider:1 | 27615 ||| Stepping ~*~*~tactically~*~*~ (hiding).
 27645 | Spider:1 | 27645 ||| Stepping ~*~*~tactically~*~*~ (stealth).
 27726 | Spider:1 | 27726 ||| Stepping ~*~*~tactically~*~*~ (stealth).
 27743 | Spider:1 | 27743 ||| Stepping ~*~*~tactically~*~*~ (stealth).
 28016 | Spider:1 | 28016 ||| Stepping ~*~*~tactically~*~*~ (hiding).
 28150 | Spider:1 | 28150 ||| Stepping ~*~*~tactically~*~*~ (stealth).
 28156 | Spider:1 | 28156 ||| Stepping ~*~*~tactically~*~*~ (hiding).
 28349 | Spider:1 | 28349 ||| Stepping ~*~*~tactically~*~*~ (stealth).
 28350 | Spider:1 | 28350 ||| Stepping ~*~*~tactically~*~*~ (stealth).
 28351 | Spider:1 | 28351 ||| Stepping ~*~*~tactically~*~*~ (stealth).
 28756 | Spider:2 | 28756 ||| STAIRDANCE
 28764 | Spider:2 | 28764 ||| STAIRDANCE
 28766 | Spider:2 | 28766 ||| STAIRDANCE
 28768 | Spider:2 | 28768 ||| DRINKING 13 potions of curing.
 28768 | Spider:2 | 28768 ||| (to cure confusion)
 28769 | Spider:2 | 28769 ||| DRINKING 12 potions of curing.
 28769 | Spider:2 | 28769 ||| (to cure confusion)
 28771 | Spider:2 | 28771 ||| DRINKING 11 potions of curing.
 28771 | Spider:2 | 28771 ||| (to cure confusion)
 28778 | Spider:2 | 28778 ||| STAIRDANCE
 28844 | Spider:2 | 28844 ||| STAIRDANCE
 28852 | Spider:2 | 28852 ||| STAIRDANCE
 28969 | Spider:2 | 28969 ||| STAIRDANCE
 28977 | Spider:1 | Reached XP level 17. HP: 162/168 MP: 16/16
 28984 | Spider:2 | 28984 ||| STAIRDANCE
 28993 | Spider:2 | 28993 ||| STAIRDANCE
 28998 | Spider:1 | Reached skill level 18 in Armour
 29049 | Spider:2 | 29049 ||| Stepping ~*~*~tactically~*~*~ (stealth).
 29078 | Spider:2 | 29078 ||| Stepping ~*~*~tactically~*~*~ (stealth).
 29115 | Spider:2 | 29115 ||| Stepping ~*~*~tactically~*~*~ (stealth).
 29128 | Spider:2 | 29128 ||| Stepping ~*~*~tactically~*~*~ (stealth).
 29129 | Spider:2 | 29129 ||| Stepping ~*~*~tactically~*~*~ (stealth).
 29143 | Spider:2 | 29143 ||| Stepping ~*~*~tactically~*~*~ (stealth).
 29144 | Spider:2 | 29144 ||| Stepping ~*~*~tactically~*~*~ (stealth).
 29151 | Spider:2 | 29151 ||| Stepping ~*~*~tactically~*~*~ (stealth).
 29155 | Spider:2 | 29155 ||| Stepping ~*~*~tactically~*~*~ (stealth).
 29161 | Spider:2 | 29161 ||| Stepping ~*~*~tactically~*~*~ (hiding).
 29362 | Spider:2 | 29362 ||| Stepping ~*~*~tactically~*~*~ (stealth).
 29371 | Spider:2 | 29371 ||| Stepping ~*~*~tactically~*~*~ (stealth).
 29752 | Spider:3 | 29752 ||| Stepping ~*~*~tactically~*~*~ (hiding).
 29912 | Spider:3 | 29912 ||| READING scroll of enchant weapon.
 29912 | Spider:3 | 29912 ||| ENCHANTING +3 vampiric war axe.
 29954 | Spider:3 | 29954 ||| Stepping ~*~*~tactically~*~*~ (stealth).
 29956 | Spider:3 | 29956 ||| Stepping ~*~*~tactically~*~*~ (stealth).
 29995 | Spider:3 | 29995 ||| FLEEEEING.
 30003 | Spider:3 | 30003 ||| STAIRDANCE
 30068 | Spider:3 | 30068 ||| Stepping ~*~*~tactically~*~*~ (stealth).
 30101 | Spider:3 | Found a corrupted altar of Lugonu.
 30101 | Spider:3 | Found a one-way gate to the infinite horrors of the Abyss.
 30152 | Spider:3 | Found a transporter.
 30245 | Spider:3 | 30245 ||| Stepping ~*~*~tactically~*~*~ (stealth).
 30256 | Spider:3 | Reached skill level 20 in Fighting
 30449 | Spider:3 | Found a transporter.
 30454 | Spider:3 | 30454 ||| Stepping ~*~*~tactically~*~*~ (stealth).
 30456 | Spider:3 | 30456 ||| Stepping ~*~*~tactically~*~*~ (stealth).
 30550 | Spider:3 | 30550 ||| Stepping ~*~*~tactically~*~*~ (stealth).
 30553 | Spider:3 | 30553 ||| Stepping ~*~*~tactically~*~*~ (stealth).
 30554 | Spider:3 | 30554 ||| Stepping ~*~*~tactically~*~*~ (stealth).
 30714 | Spider:3 | 30714 ||| PLANNING SWAMP:4
 30714 | Spider:3 | 30714 ||| READING scroll labelled VOGEHE XOTIUW.
 30869 | Swamp:4  | Entered Level 4 of the Swamp
 30894 | Swamp:4  | 30894 ||| Stepping ~*~*~tactically~*~*~ (hiding).
 30966 | Swamp:4  | 30966 ||| Stepping ~*~*~tactically~*~*~ (water).
 31022 | Swamp:4  | 31022 ||| Stepping ~*~*~tactically~*~*~ (stealth).
 31173 | Swamp:4  | 31173 ||| SWAPPING to +3 vorpal morningstar.
 31175 | Swamp:4  | 31175 ||| Stepping ~*~*~tactically~*~*~ (outnumbered).
 31176 | Swamp:4  | 31176 ||| Stepping ~*~*~tactically~*~*~ (outnumbered).
 31177 | Swamp:4  | 31177 ||| Stepping ~*~*~tactically~*~*~ (outnumbered).
 31178 | Swamp:4  | 31178 ||| Stepping ~*~*~tactically~*~*~ (outnumbered).
 31179 | Swamp:4  | 31179 ||| Stepping ~*~*~tactically~*~*~ (outnumbered).
 31193 | Swamp:4  | 31193 ||| SWAPPING to +4 vampiric war axe.
 31200 | Swamp:4  | 31200 ||| Stepping ~*~*~tactically~*~*~ (water).
 31203 | Swamp:4  | 31203 ||| FLEEEEING.
 31204 | Swamp:4  | 31204 ||| FLEEEEING.
 31205 | Swamp:4  | 31205 ||| FLEEEEING.
 31206 | Swamp:4  | 31206 ||| FLEEEEING.
 31207 | Swamp:4  | 31207 ||| FLEEEEING.
 31208 | Swamp:4  | 31208 ||| FLEEEEING.
 31209 | Swamp:4  | 31209 ||| SWAPPING to +3 vorpal morningstar.
 31214 | Swamp:4  | 31214 ||| SWAPPING to +4 vampiric war axe.
 31260 | Swamp:4  | 31260 ||| Stepping ~*~*~tactically~*~*~ (cloud).
 31261 | Swamp:4  | 31261 ||| Stepping ~*~*~tactically~*~*~ (cloud).
 31262 | Swamp:4  | 31262 ||| Stepping ~*~*~tactically~*~*~ (cloud).
 31266 | Swamp:4  | 31266 ||| SWAPPING to +3 vorpal morningstar.
 31272 | Swamp:4  | 31272 ||| SWAPPING to +4 vampiric war axe.
 31311 | Swamp:4  | 31311 ||| SWAPPING to +3 vorpal morningstar.
 31319 | Swamp:4  | 31319 ||| SWAPPING to +4 vampiric war axe.
 31354 | Swamp:4  | 31354 ||| SWAPPING to +3 vorpal morningstar.
 31365 | Swamp:4  | 31365 ||| SWAPPING to +4 vampiric war axe.
 31489 | Swamp:4  | Got a decaying rune of Zot
 31502 | Swamp:4  | 31502 ||| SWAPPING to +3 vorpal morningstar.
 31509 | Swamp:4  | 31509 ||| SWAPPING to +4 vampiric war axe.
 31546 | Swamp:4  | 31546 ||| Stepping ~*~*~tactically~*~*~ (cloud).
 31783 | Swamp:4  | 31783 ||| Stepping ~*~*~tactically~*~*~ (stealth).
 31867 | Swamp:4  | 31867 ||| PLANNING VAULTS:1-4
 32090 | Vaults:1 | Entered Level 1 of the Vaults
 32260 | Vaults:1 | 32260 ||| Stepping ~*~*~tactically~*~*~ (hiding).
 32262 | Vaults:1 | 32262 ||| Stepping ~*~*~tactically~*~*~ (stealth).
 32262 | Vaults:1 | Noticed Asterion
 32298 | Vaults:1 | HP: 38/170 [Asterion/+2 morningstar of protection (10)]
 32299 | Vaults:1 | 32299 ||| READING 4 scrolls of teleportation.
 32300 | Vaults:1 | 32300 ||| DRINKING 5 potions of heal wounds.
 32301 | Vaults:1 | 32301 ||| DRINKING 4 potions of heal wounds.
 32436 | Vaults:1 | 32436 ||| READING 3 scrolls of teleportation.
 32609 | Vaults:1 | Reached XP level 18. HP: 179/179 MP: 17/17
 32626 | Vaults:1 | HP: 40/180 [Asterion/+2 morningstar of protection (8)]
 32627 | Vaults:1 | 32627 ||| READING 2 scrolls of teleportation.
 32628 | Vaults:1 | 32628 ||| DRINKING 3 potions of heal wounds.
 32629 | Vaults:1 | 32629 ||| DRINKING 2 potions of heal wounds.
 32629 | Vaults:1 | HP: 6/180 [balrug/+0 demon whip of draining[Asterion] (19)]
 32629 | Vaults:1 | HP: 1/175 [balrug/+0 demon whip of draining[Asterion] (5)]
 32630 | Vaults:1 | 32630 ||| DRINKING 13 potions of curing.
 32630 | Vaults:1 | 32630 ||| (to cure confusion)
 32768 | Vaults:1 | 32768 ||| DROPPING +3 vorpal morningstar.
 32855 | Vaults:1 | HP: 43/180 [Asterion/+2 morningstar of protection (11)]
 32856 | Vaults:1 | 32856 ||| READING scroll of teleportation.
 32857 | Vaults:1 | 32857 ||| DRINKING potion of heal wounds.
 32998 | Vaults:1 | 32998 ||| Stepping ~*~*~tactically~*~*~ (hiding).
 33014 | Vaults:1 | 33014 ||| Stepping ~*~*~tactically~*~*~ (stealth).
 33057 | Vaults:1 | Reached skill level 21 in Fighting
 33064 | Vaults:1 | Reached skill level 18 in Shields
 33076 | Vaults:1 | 33076 ||| Stepping ~*~*~tactically~*~*~ (stealth).
 33116 | Vaults:1 | 33116 ||| Stepping ~*~*~tactically~*~*~ (stealth).
 33164 | Vaults:1 | 33164 ||| Stepping ~*~*~tactically~*~*~ (hiding).
 33255 | Vaults:1 | 33255 ||| Stepping ~*~*~tactically~*~*~ (stealth).
 33256 | Vaults:1 | 33256 ||| Stepping ~*~*~tactically~*~*~ (stealth).
 33257 | Vaults:1 | 33257 ||| Stepping ~*~*~tactically~*~*~ (stealth).
 33258 | Vaults:1 | 33258 ||| Stepping ~*~*~tactically~*~*~ (stealth).
 33285 | Vaults:1 | 33285 ||| Stepping ~*~*~tactically~*~*~ (stealth).
 33299 | Vaults:1 | Killed Asterion
 33596 | Vaults:1 | 33596 ||| Stepping ~*~*~tactically~*~*~ (stealth).
 33865 | Vaults:1 | 33865 ||| UPGRADING to +2 kite shield.
 33875 | Vaults:1 | 33875 ||| DROPPING +0 kite shield.
 33997 | Vaults:2 | 33997 ||| Stepping ~*~*~tactically~*~*~ (hiding).
 34003 | Vaults:2 | 34003 ||| Stepping ~*~*~tactically~*~*~ (hiding).
 34016 | Vaults:2 | 34016 ||| FLEEEEING.
 34017 | Vaults:2 | 34017 ||| FLEEEEING.
 34018 | Vaults:2 | 34018 ||| FLEEEEING.
 34019 | Vaults:2 | 34019 ||| FLEEEEING.
 34037 | Vaults:2 | Reached skill level 12 in Dodging
 34407 | Vaults:2 | 34407 ||| Stepping ~*~*~tactically~*~*~ (hiding).
 34518 | Vaults:2 | 34518 ||| Stepping ~*~*~tactically~*~*~ (hiding).
 34745 | Vaults:2 | Found Hopeefe's Book Emporium.
 34904 | Vaults:2 | 34904 ||| Stepping ~*~*~tactically~*~*~ (stealth).
 34915 | Vaults:2 | Reached skill level 22 in Fighting
 34954 | Vaults:2 | 34954 ||| Stepping ~*~*~tactically~*~*~ (hiding).
 35127 | Vaults:2 | Found a staircase to the Crypt.
 35127 | Vaults:2 | Found a basalt altar of Yredelemnul.
 35128 | Vaults:2 | Found an ancient bone altar of Kikubaaqudgha.
 35263 | Vaults:2 | 35263 ||| FLEEEEING.
 35264 | Vaults:2 | 35264 ||| FLEEEEING.
 35271 | Vaults:2 | 35271 ||| FLEEEEING.
 35275 | Vaults:2 | 35275 ||| Stepping ~*~*~tactically~*~*~ (hiding).
 35541 | Vaults:3 | 35541 ||| Stepping ~*~*~tactically~*~*~ (hiding).
 35545 | Vaults:3 | 35545 ||| Stepping ~*~*~tactically~*~*~ (stealth).
 35583 | Vaults:3 | 35583 ||| Stepping ~*~*~tactically~*~*~ (hiding).
 35592 | Vaults:3 | 35592 ||| Stepping ~*~*~tactically~*~*~ (hiding).
 35757 | Vaults:3 | Reached XP level 19. HP: 170/191 MP: 18/18
 35795 | Vaults:3 | 35795 ||| FLEEEEING.
 35796 | Vaults:3 | 35796 ||| FLEEEEING.
 35802 | Vaults:3 | 35802 ||| FLEEEEING.
 35803 | Vaults:3 | 35803 ||| FLEEEEING.
 35804 | Vaults:3 | 35804 ||| FLEEEEING.
 35805 | Vaults:3 | 35805 ||| FLEEEEING.
 35806 | Vaults:3 | 35806 ||| FLEEEEING.
 35807 | Vaults:3 | 35807 ||| FLEEEEING.
 35808 | Vaults:3 | 35808 ||| FLEEEEING.
 35809 | Vaults:3 | 35809 ||| FLEEEEING.
 35810 | Vaults:3 | 35810 ||| FLEEEEING.
 35811 | Vaults:3 | 35811 ||| FLEEEEING.
 35812 | Vaults:3 | 35812 ||| FLEEEEING.
 35813 | Vaults:3 | 35813 ||| FLEEEEING.
 35814 | Vaults:3 | 35814 ||| FLEEEEING.
 35820 | Vaults:3 | 35820 ||| FLEEEEING.
 35821 | Vaults:3 | 35821 ||| FLEEEEING.
 35822 | Vaults:3 | 35822 ||| FLEEEEING.
 35823 | Vaults:3 | 35823 ||| FLEEEEING.
 35824 | Vaults:3 | 35824 ||| FLEEEEING.
 35825 | Vaults:3 | 35825 ||| FLEEEEING.
 35826 | Vaults:3 | 35826 ||| FLEEEEING.
 35827 | Vaults:3 | 35827 ||| FLEEEEING.
 35828 | Vaults:3 | 35828 ||| FLEEEEING.
 35829 | Vaults:3 | 35829 ||| FLEEEEING.
 35830 | Vaults:3 | 35830 ||| FLEEEEING.
 35831 | Vaults:3 | 35831 ||| FLEEEEING.
 35832 | Vaults:3 | 35832 ||| FLEEEEING.
 35833 | Vaults:3 | 35833 ||| FLEEEEING.
 35834 | Vaults:3 | 35834 ||| FLEEEEING.
 35835 | Vaults:3 | 35835 ||| FLEEEEING.
 35836 | Vaults:3 | 35836 ||| FLEEEEING.
 35837 | Vaults:3 | 35837 ||| FLEEEEING.
 35838 | Vaults:3 | 35838 ||| FLEEEEING.
 35839 | Vaults:3 | 35839 ||| FLEEEEING.
 35840 | Vaults:3 | 35840 ||| FLEEEEING.
 35841 | Vaults:3 | 35841 ||| FLEEEEING.
 35842 | Vaults:3 | 35842 ||| FLEEEEING.
 35843 | Vaults:3 | 35843 ||| FLEEEEING.
 35844 | Vaults:3 | 35844 ||| FLEEEEING.
 35845 | Vaults:3 | 35845 ||| FLEEEEING.
 35846 | Vaults:3 | 35846 ||| FLEEEEING.
 35847 | Vaults:3 | 35847 ||| FLEEEEING.
 35848 | Vaults:3 | 35848 ||| FLEEEEING.
 35849 | Vaults:3 | 35849 ||| FLEEEEING.
 35850 | Vaults:3 | 35850 ||| FLEEEEING.
 35851 | Vaults:3 | 35851 ||| FLEEEEING.
 35852 | Vaults:3 | 35852 ||| FLEEEEING.
 35853 | Vaults:3 | 35853 ||| FLEEEEING.
 35854 | Vaults:3 | 35854 ||| FLEEEEING.
 35855 | Vaults:3 | 35855 ||| Stepping ~*~*~tactically~*~*~ (hiding).
 36165 | Vaults:3 | 36165 ||| Stepping ~*~*~tactically~*~*~ (stealth).
 36197 | Vaults:3 | 36197 ||| Stepping ~*~*~tactically~*~*~ (hiding).
 36198 | Vaults:3 | 36198 ||| Stepping ~*~*~tactically~*~*~ (hiding).
 36213 | Vaults:3 | 36213 ||| Stepping ~*~*~tactically~*~*~ (hiding).
 36229 | Vaults:3 | 36229 ||| Stepping ~*~*~tactically~*~*~ (hiding).
 36256 | Vaults:3 | Reached skill level 21 in Armour
 36265 | Vaults:3 | 36265 ||| DRINKING 13 potions of curing.
 36265 | Vaults:3 | 36265 ||| (to cure confusion)
 36288 | Vaults:3 | HP: 39/191 [war gargoyle/+0 lajatang (26)]
 36289 | Vaults:3 | 36289 ||| READING 2 scrolls of teleportation.
 36289 | Vaults:3 | HP: 2/191 [war gargoyle/+0 lajatang (34)]
 36293 | Vaults:3 | Slain by an ironbound thunderhulk

Levels and vault maps discovered:
D:1:      minmay_arrival_shattered_statue, layout_loops_corners,
          dreamdust_ecumenical_altar_sealed_demon, minmay_lizard_pond
D:2:      layout_loops_ring, basic_altar, hangedman_decor_lopped,
          minmay_pentomino_s4
D:3:      layout_loops_corners, jmf_multi_god_temple2, serial_rivers,
          chequers_serial_rivers_micro_a, chequers_serial_rivers_micro_a,
          chequers_serial_rivers_micro_a, chequers_serial_rivers_large_a,
          chequers_serial_rivers_micro_d, chequers_serial_rivers_marsh
D:4:      nicolae_cairo_tiling_large, layout_basic,
          mainiacjoe_overflow_small_starburst, grunt_ministairs_5,
          dk_noncrumbling_3
D:5:      layout_loops_ring, grunt_dithmenos_smoke
D:6:      layout_loops_cross, minmay_temple_entry_antechambers
D:7:      layout_cave_pools, serial_gnoll_camp, gnoll_camp_mini_hut,
          gnoll_camp_mini_sergeant, gnoll_camp_mini_house, gnoll_camp_mini_hut,
          gnoll_camp_mini_doghouse, nicolae_titane, uniq_crazy_yiuf_cottage
D:8:      layout_gridville, dpeg_oklobed_lair
D:9:      minmay_weird_star, layout_basic
D:10:     layout_basic, trog_ov_bears_minmay, serial_shops, shop,
          minmay_misc_feat_four_crosses, uniq_urug
D:11:     layout_basic, serial_shops, nicolae_inconvenience_store
D:12:     layout_roguey, erik_orc_3, uniq_azrael
D:13:     layout_roguey, hangedman_vaults_entry_quadrant_bands, serial_shops,
          nicolae_shop_hallway_plus, lightli_minifort, uniq_kirke, uniq_snorg
D:14:     layout_long_grid, nicolae_trove_entry_crystal,
          hellmonk_ghost_happy_afterlife, minivault_27,
          hangedman_abyss_or_decor_lesser_grid, nrook_uturn,
          nicolae_uskayaw_suspiria, uniq_jorgrun, uniq_roxanne
D:15:     gammafunk_depths_entry_grave, layout_rooms, serial_bayou_shore_a
Lair:1:   layout_roguey, lemuel_fruit_fields, serial_bayou_shore_b,
          lemuel_fruit_tree
Lair:2:   layout_gridlike, swamp_mist_pool
Lair:3:   layout_gridlike, hellmonk_spider_entry_not_the_bees, basic_altar,
          nicolae_volcano_entry_batcave, chequers_serial_rivers_micro_a,
          grunt_forest_stairs_clearing
Lair:4:   layout_cave_pods, gauntlet_entry_generic
Lair:5:   gammafunk_lair_ancient_temple, layout_regular_city,
          dpeg_slime_entry_enclosed, lemuel_fruit_fields
Swamp:1:  layout_falls_marsh, hangedman_swamp_ruin_hall, swamp_pool2,
          uniq_frances
Swamp:2:  layout_falls_marsh, evilmike_swamp_ruin_rubble_2, swamp_pool4
Swamp:3:  layout_basic_swamp, evilmike_swamp_ruin_rubble_1
Swamp:4:  swamp_basic_johnstein, layout_basic_swamp,
          nicolae_swamp_frolicking_bunyips
Spider:1: layout_chambers, hellmonk_narrow_tunnel
Spider:2: layout_spider_delve, hangedman_spider_tarantella_strand
Spider:3: gammafunk_sealed_arena, amcnicky_altar_lugonu_corruption
Orc:1:    layout_diamond_mine, basic_altar, nicolae_shop_gadgets
Orc:2:    st_orc_elflike, layout_diamond_mine, nicolae_shop_firing_range,
          uniq_erolcha
Vaults:1: grunt_vaults_swirl, vaults_standard_mumra_x, vaults_room_door_ring,
          nicolae_vaults_little_squares_5, v_pattern_3, ontoclasm_vaults_twist,
          v_misc_1, vaults_dpeg_hooks, nicolae_vaults_little_squares_1,
          nicolae_vaults_little_squares_4, layout_vaults_ring, uniq_asterion
Vaults:2: vaults_standard_mumra_enter_the_diamond, v_misc_13,
          ontoclasm_vaults_loading_screen, minmay_crypt_entry_necro_gods,
          v_misc_4, ontoclasm_vaults_eye, ontoclasm_vaults_misaligned,
          nicolae_vaults_network_periphery, v_misc_27, vaults_dpeg_ring,
          nicolae_vaults_mini_display_case, nicolae_vaults_specimen_jars,
          nicolae_vaults_asterisk, ontoclasm_vaults_loading_screen,
          layout_vaults_chaotic_city, serial_shops, shop
Vaults:3: ontoclasm_vaults_ligature, v_misc_22, v_alt_pattern_4,
          hangedman_vaults_cutoff, vaults_room_hallway,
          vaults_mumra_minichess_inversion, vaults_room_semicircle,
          vaults_room_stairs_pillars, vaults_room_grid,
          nicolae_vaults_little_squares_5, dpeg_vaults_monster_row,
          nicolae_vaults_windows_and_doors_thing, layout_vaults_omnigrid

Skill      XL: |  1  2  3  4  5  6  7  8  9 10 11 12 13 14 15 16 17 18 19 |
---------------+----------------------------------------------------------+-----
Axes           | 3 4 5 6 7 8 10 12 14 16 17 | 17.0
Dodging        | 1 2 3 4 7 8 9 10 11 12 | 12.0
Fighting       | 4 5 6 7 8 10 12 13 16 17 19 20 22 | 22.0
Throwing       | 1 4 5 6 7 8 9 10 | 10.0
Armour         | 4 6 7 9 11 13 14 16 17 19 20 21 | 21.0
Shields        | 4 8 10 12 13 15 16 17 18 | 18.4

Action                   |  1- 3 |  4- 6 |  7- 9 | 10-12 | 13-15 | 16-18 | 19-21 || total
-------------------------+-------+-------+-------+-------+-------+-------+-------++-------
Melee: War axe           |    94 |    92 |   245 |   480 |  1364 |  1628 |   174 ||  4077
       Headbutt          |    12 |    11 |    54 |   114 |   381 |   489 |    70 ||  1131
       Morningstar       |       |       |       |    32 |    31 |    62 |       ||   125
Throw: Boomerang         |       |    15 |    56 |     2 |    32 |    88 |     1 ||   194
       Javelin           |       |       |       |    54 |   207 |    89 |     1 ||   351
  Use: Scroll            |     3 |     7 |    12 |     3 |     9 |     7 |     1 ||    42
       Potion            |       |     2 |     5 |     1 |     7 |    11 |     1 ||    27
 Stab: Distracted        |       |       |       |       |       |     1 |       ||     1
Armor: Scale mail        |    26 |    31 |    20 |       |       |       |       ||    77
       Acid dragon scale |       |       |    12 |       |       |       |       ||    12
       Chain mail        |       |       |    46 |       |       |       |       ||    46
       Plate armour      |       |       |     9 |   244 |   598 |  1190 |    56 ||  2097
Dodge: Dodged            |    39 |    30 |    66 |   109 |   434 |   885 |    49 ||  1612
Block: Buckler           |    20 |    14 |    92 |       |       |       |       ||   126
       Reflection        |       |       |    13 |     6 |     1 |       |       ||    20
       Kite shield       |       |       |    39 |   425 |   801 |  1395 |   109 ||  2769

Table legend:
 A = Non-vault XP
 B = Vault XP
 C = Vault XP percentage of total XP
 D = Non-vault monster count
 E = Vault monster count
 F = Vault count percentage of total count
                 A         B        C        D         E       F
            +---------+---------+-------+---------+---------+-------
      Total |  280222 |  117626 |  29.6 |     851 |     265 |  23.7
            +---------+---------+-------+---------+---------+-------
        D:1 |      64 |       4 |   5.9 |      29 |       4 |  12.1
        D:2 |      44 |       8 |  15.4 |      15 |       5 |  25.0
        D:3 |     183 |       0 |   0.0 |      20 |       0 |   0.0
        D:4 |     382 |      38 |   9.0 |      10 |       2 |  16.7
        D:5 |     620 |       0 |   0.0 |      19 |       0 |   0.0
        D:6 |     774 |       0 |   0.0 |      10 |       0 |   0.0
        D:7 |     833 |     672 |  44.7 |      12 |      20 |  62.5
        D:8 |     781 |       0 |   0.0 |      15 |       0 |   0.0
        D:9 |    2833 |       0 |   0.0 |      21 |       0 |   0.0
       D:10 |    3033 |    1359 |  30.9 |      29 |       3 |   9.4
       D:11 |    6318 |       0 |   0.0 |      24 |       0 |   0.0
       D:12 |    9717 |    2640 |  21.4 |      28 |      23 |  45.1
       D:13 |    5610 |   11498 |  67.2 |      11 |      28 |  71.8
       D:14 |   11008 |    3116 |  22.1 |      15 |       2 |  11.8
       D:15 |   11400 |    5998 |  34.5 |      32 |       8 |  20.0
     Lair:1 |    1708 |       0 |   0.0 |       8 |       0 |   0.0
     Lair:2 |    7339 |       0 |   0.0 |      26 |       0 |   0.0
     Lair:3 |   13733 |    2265 |  14.2 |      36 |      16 |  30.8
     Lair:4 |    5520 |       0 |   0.0 |      22 |       0 |   0.0
     Lair:5 |    7570 |    8098 |  51.7 |      28 |      18 |  39.1
    Swamp:1 |   13029 |    1399 |   9.7 |      24 |       1 |   4.0
    Swamp:2 |    9090 |       0 |   0.0 |      19 |       0 |   0.0
    Swamp:3 |    6526 |       0 |   0.0 |      13 |       0 |   0.0
    Swamp:4 |   12486 |   21017 |  62.7 |      23 |      39 |  62.9
   Spider:1 |   32692 |    2283 |   6.5 |      92 |       4 |   4.2
   Spider:2 |   10184 |     283 |   2.7 |      29 |       1 |   3.3
   Spider:3 |   11104 |       0 |   0.0 |      28 |       0 |   0.0
      Orc:1 |    3868 |       0 |   0.0 |      26 |       0 |   0.0
      Orc:2 |    7179 |    9019 |  55.7 |      67 |      28 |  29.5
   Vaults:1 |   33038 |   20463 |  38.2 |      46 |      25 |  35.2
   Vaults:2 |   25179 |   13700 |  35.2 |      37 |      18 |  32.7
   Vaults:3 |   26377 |    7857 |  23.0 |      37 |       9 |  19.6
   Gauntlet |       0 |    5909 | 100.0 |       0 |      11 | 100.0
            +---------+---------+-------+---------+---------+-------
